 Dungeon Crawl Stone Soup version 0.28-a0-1524-ge72afd5fc6 (webtiles) character file.

Game seed: 3497666769726582323

1059 croobank the Stinger (level 8, -4/52 HPs)
             Began as a Formicid Venom Mage on Jan 17, 2022.
             Was an Initiate of Vehumet.
             Slain by Duvessa (14 damage)
             ... on level 4 of the Dungeon on Jan 18, 2022.
             The game lasted 00:29:06 (4954 turns).

croobank the Stinger (Formicid Venom Mage)          Turns: 4954, Time: 00:29:07

Health: -4/52      AC:  2    Str: 14    XL:     8   Next: 52%
Magic:  1/14       EV: 13    Int: 26    God:    Vehumet [......]
Gold:   214        SH:  0    Dex: 13    Spells: 5/16 levels left

rFire   + . .      SeeInvis +   c - +0 short sword (distort)
rCold   + . .      Faith    .   (no shield)
rNeg    . . .      Spirit   .   a - +0 robe
rPois   .          Reflect  .   (helmet unavailable)
rElec   .          Harm     .   s - scarf {rC+ rF+}
rCorr   .          Rampage  .   (no gloves)
Will    +....                   (no boots)
Stlth   +++.......              (no amulet)
HPRegen 0.17/turn               v - +6 ring of intelligence
MPRegen 0.14/turn               h - +6 ring of intelligence

@: unable to read
A: permanent stasis, dig shafts and tunnels, antennae 3, four strong arms,
strong-willed 1, wild magic 1, inability to read while threatened
a: Dig, Shaft Self, Renounce Religion


You were on level 4 of the Dungeon.
You worshipped Vehumet.
Vehumet was noncommittal.
You visited 1 branch of the dungeon, and saw 7 of its levels.

You collected 214 gold pieces.

Inventory:

Hand Weapons
 c - a +0 short sword of distortion (weapon)
 n - a +0 dagger of electrocution
 q - a +1 dagger of draining
Missiles
 b - 6 curare-tipped darts
 e - 28 bolts
 f - 8 poisoned darts
 k - 88 stones
 m - 4 javelins
 o - 40 arrows
Armour
 a - a +0 robe (worn)
 p - a +0 leather armour
 s - a scarf of resistance (worn)
Jewellery
 d - a ring of willpower
 h - a +6 ring of intelligence (right hand)
 i - a ring of positive energy
 v - a +6 ring of intelligence (left hand)
 x - a ring of ice
Scrolls
 l - a scroll of fear
 r - 2 scrolls of torment {unknown}
 t - a scroll of enchant weapon {unknown}
 u - a scroll of enchant armour
 y - a scroll of fog {unknown}
Potions
 g - a potion of ambrosia {unknown}
 j - a potion of mutation
 w - a potion of haste {unknown}


   Skills:
 + Level 4.1 Dodging
 + Level 6.0 Stealth
 + Level 4.6 Spellcasting
 + Level 4.5 Transmutations
 + Level 6.8 Poison Magic


You had 5 spell levels left.
You knew the following spells:

 Your Spells              Type           Power      Damage    Failure   Level
a - Sting                 Tmut/Pois      100%       1d8       1%          1
b - Poisonous Vapours     Pois/Air       60%        N/A       5%          2
c - Olgreb's Toxic Radia  Pois           52%        N/A       8%          4
d - Mephitic Cloud        Conj/Pois/Air  23%        N/A       14%         3
e - Foxfire               Conj/Fire      28%        2x1d5     13%         1

Your spell library contained the following spells:

 Spells                   Type           Power      Damage    Failure   Level
 Passwall                 Tmut/Erth      19%        N/A       8%          2
 Magic Dart               Conj           28%        1d4       13%         1
 Sandblast                Erth           14%        2d6       13%         1
 Call Imp                 Summ           7%         N/A       17%         2
 Dazzling Flash           Conj/Hex       14%        N/A       32%         3
 Stone Arrow              Conj/Erth      14%        3d7       32%         3
 Summon Guardian Golem    Hex/Summ       7%         N/A       32%         3
 Fulminant Prism          Conj/Hex       3%         3d6       71%         4
 Agony                    Necr           7%         N/A       95%         5
 Silence                  Hex/Air        3%         N/A       95%         5
 Summon Forest            Summ/Tloc      3%         N/A       95%         5
 Eringya's Noxious Bog    Tmut/Pois      23%        N/A       82%         6
 Summon Hydra             Summ           3%         N/A       100%        7
 Necromutation            Tmut/Necr      11%        N/A       100%        8


Dungeon Overview and Level Annotations

Branches:
Dungeon (7/15)
 Temple: D:4-7

Altars:
Dithmenos
Ru
Vehumet
Yredelemnul
Zin

Annotations:
D:4 Duvessa
D:5 Menkaure
Abyss:1 Edmund


Innate Abilities, Weirdness & Mutations

You cannot be hasted, slowed, berserked, paralysed or teleported.
You can dig through walls and to a lower floor.
You have a pair of large antennae on your head. (SInv)
Your four strong arms can wield two-handed weapons with a shield.
You are strong-willed. (Will+)
Your spells are a little harder to cast, but a little more powerful.
You sometimes lose the ability to read scrolls when taking damage.


Message History

Dowan blinks!
You hit Duvessa but do no damage.
Space warps around Duvessa.
Duvessa is heavily wounded.
Duvessa says, "My weaknesses are his strengths!"
Duvessa hits you with a +0 short sword!
You hit Duvessa but do no damage.
Space warps horribly around Duvessa!
Duvessa is almost dead.
Duvessa closely misses you. Dowan gestures at you while chanting.
You resist with almost no effort.
You hit Duvessa but do no damage.
Duvessa is almost dead.
Duvessa blinks!
Duvessa hits you with a +0 short sword.
You hit Duvessa.
Duvessa is almost dead.
Duvessa blinks!
Dowan gestures at Duvessa while chanting.
Duvessa seems to speed up.
Your magical contamination has completely faded away.
Casting: Olgreb's Toxic Radiance (dangerous; 8% risk of failure)
Confirm with . or Enter, or press ? or * to list all spells.
You begin to radiate toxic energy.
You kill Dowan!
Vehumet accepts your kill.
Duvessa screams, "No!
How DARE you!"
Duvessa goes berserk!
Duvessa hits you with a +0 short sword!!
You feel threatened and lose the ability to read scrolls!
* * * LOW HITPOINT WARNING * * *
Your Stealth skill increases to level 6!
You hit Duvessa but do no damage.
Duvessa is almost dead.
Your toxic aura wanes.
Duvessa hits you with a +0 short sword.
* * * LOW HITPOINT WARNING * * *
Duvessa completely misses you.
You barely miss Duvessa.
Duvessa is almost dead.
Duvessa hits you with a +0 short sword!
You die...

#.<# #.# ##...###..# #..#
#.###.....#.### #..#
##...#.###..## { #..#
##......# #..###
####..###.....<.###....##
............#.......>...#
# ##..###...#.....).....#
# #.........#...e.##.#.##
###.............@.##.#.##
.....#####..#...........#
....## ##..#...#.####..#
##### ........#.# #..# #
#..#.#.#.####..# #
#..#.......)...# #
.........###...# .
..#.#...###...# #
#...).......#


You could see Duvessa (berserk, fast).

Vanquished Creatures
  A hornet (D:4)
  Grinder (D:5)
  A necrophage (D:5)
  An ogre (D:5)
  Dowan (D:4)
  A vampire bat (D:3)
  A bullfrog skeleton (D:5)
  A scorpion zombie (D:5)
  A killer bee zombie (D:5)
  A hound zombie (D:5)
  2 gnolls (D:3)
  3 adders
  2 adder zombies (D:5)
  A worm (D:3)
  3 dart slugs
  5 orcs (D:3)
  12 endoplasms
  4 giant cockroaches
  10 goblins
  8 hobgoblins
  6 jackals
  A quokka (D:1)
  10 ball pythons
  10 bats
  5 frilled lizards
  6 kobolds
  4 rats (D:1)
102 creatures vanquished.

Notes
Turn   | Place    | Note
-------+----------+-------------------------------------------
     0 | D:1      | croobank the Formicid Venom Mage began the quest for the
                  | Orb.
     0 | D:1      | Reached XP level 1. HP: 13/13 MP: 3/3
   133 | D:1      | You fall into a shaft and drop 1 floor!
   411 | D:2      | Reached XP level 2. HP: 16/19 MP: 1/5
  1173 | D:2      | Reached XP level 3. HP: 24/24 MP: 3/6
  1518 | D:1      | Learned a level 2 spell: Poisonous Vapours
  1738 | D:1      | Reached XP level 4. HP: 30/30 MP: 2/8
  1983 | D:1      | Found a faded altar of an unknown god.
  2262 | D:3      | Found a glowing silver altar of Zin.
  2326 | D:3      | Reached XP level 5. HP: 21/35 MP: 3/9
  2612 | D:3      | Found a radiant altar of Vehumet.
  2625 | D:3      | Became a worshipper of Vehumet
  2846 | D:3      | Got Sif Muna's Incunabulum of Changing and Execration
  2944 | D:3      | Reached skill level 5 in Poison Magic
  3065 | D:3      | Learned a level 4 spell: Olgreb's Toxic Radiance
  3158 | D:3      | Found a sacrificial altar of Ru.
  3313 | D:3      | Reached XP level 6. HP: 39/41 MP: 5/10
  3442 | D:4      | Found a shadowy altar of Dithmenos.
  3461 | D:4      | Noticed a hornet
  3462 | D:4      | Noticed Duvessa
  3475 | D:4      | Killed a hornet
  3476 | D:4      | Reached XP level 7. HP: 17/46 MP: 6/12
  3695 | D:4      | Learned a level 3 spell: Mephitic Cloud
  3735 | D:4      | Noticed Edmund
  3753 | D:4      | Noticed Dowan
  3768 | D:4      | You fall into a shaft and drop 3 floors!
  4037 | D:5      | Entered Level 5 of the Dungeon
  4131 | D:5      | Found a basalt altar of Yredelemnul.
  4156 | D:5      | Reached skill level 5 in Stealth
  4188 | D:5      | Reached * piety under Vehumet
  4188 | D:5      | Offered knowledge of Foxfire by Vehumet.
  4398 | D:5      | Learned a level 1 spell: Foxfire
  4509 | D:5      | Noticed Menkaure
  4609 | D:5      | Noticed Grinder
  4611 | D:5      | Gained mutation: You are strong-willed. (Will+) [potion of
                  | mutation]
  4611 | D:5      | Gained mutation: You sometimes lose the ability to read
                  | scrolls when taking damage. [potion of mutation]
  4611 | D:5      | Gained mutation: Your spells are a little harder to cast,
                  | but a little more powerful. [potion of mutation]
  4627 | D:5      | Killed Grinder
  4628 | D:5      | Reached XP level 8. HP: 14/52 MP: 14/14
  4900 | D:4      | Banished Edmund
  4952 | D:4      | Killed Dowan
  4954 | D:4      | Slain by Duvessa

Illustrated notes

Levels and vault maps discovered:
D:1:      onia_arrival_handbag, layout_basic, shapermc_ecumenical_altar_pompeii,
          nicolae_concentric_dashed_squares_wild, minmay_large_rounded_square
D:2:      layout_loops_ring, minmay_tripent
D:3:      layout_rooms, mainiacjoe_overflow_six_doors_small,
          amcnicky_altar_gilded, nicolae_vehumet_altar_sigil, roderic_batcave,
          kennysheep_doodads, grunt_ministairs_3
D:4:      layout_loops_ring, grunt_dithmenos_smoke, tgw_fedhas, uniq_edmund,
          uniq_crazy_yiuf_cottage, uniq_duvessa, uniq_pargi
D:5:      layout_loops_ring, nicolae_qazlal_style_of_elements,
          nicolae_yredelemnul_corpse_copse, fountainhead, uniq_grinder,
          uniq_menkaure
D:6:      layout_loops_ring, minmay_temple_entry_enclosed_plants
D:7:      minmay_cornered_nines, layout_gridville, makhleb_grotto_becter,
          enter_bailey_2, minmay_manual_mares

Skill      XL: |  1  2  3  4  5  6  7  8 |
---------------+-------------------------+-----
Dodging        | 2 3 4 |  4.1
Stealth        | 3 4 5 6 |  6.0
Transmutations | 2 3 4 |  4.5
Spellcasting   | 3 4 |  4.6
Poison Magic   | 5 6 |  6.8

Action                   |  1- 3 |  4- 6 |  7- 9 || total
-------------------------+-------+-------+-------++-------
Melee: Unarmed           |    18 |       |       ||    18
       Punch             |     1 |       |     2 ||     3
       Short sword       |    55 |    95 |    76 ||   226
 Cast: Sting             |    22 |     2 |     3 ||    27
       Poisonous Vapours |     4 |    20 |     5 ||    29
       Olgreb's Toxic Ra |       |     2 |     4 ||     6
       Mephitic Cloud    |       |       |     1 ||     1
 Abil: Shaft Self        |     1 |       |     1 ||     2
       Dig               |     1 |       |       ||     1
  Use: Potion            |       |     1 |     1 ||     2
       Scroll            |       |     4 |     1 ||     5
 Stab: Sleeping          |     1 |       |     2 ||     3
Armor: Robe              |    11 |    31 |     6 ||    48
Dodge: Dodged            |    45 |    86 |    47 ||   178

Table legend: (Time is in decaauts)
 A = Elapsed time spent in this place.
 B = Non-inter-level travel time spent in this place.
 C = Inter-level travel time spent in this place.
 D = Time resting spent in this place.
 E = Time spent auto-exploring this place.
 F = Levels seen in this place.
 G = Mean time per level.
                   A        B        C        D        E       F      G
               +--------+--------+--------+--------+--------+-----+--------+
         Total |   4975 |   4891 |     84 |   1294 |   2557 |   7 |  710.7 |
       Dungeon |   4975 |   4891 |     84 |   1294 |   2557 |   7 |  710.7 |
               +--------+--------+--------+--------+--------+-----+--------+

Top non-repeatable levels by time:
     D:3: 1322 daAuts
     D:2: 1282 daAuts
     D:5: 860 daAuts
     D:1: 849 daAuts
     D:4: 391 daAuts
     D:7: 264 daAuts
     D:6: 3 daAuts
